Map: [EWC] Alcyone

Players

Oliveira

  • Race: Terran Terran
  • Spawn Location: 1:00

ByuN - Winner!

  • Race: Terran Terran
  • Spawn Location: 7:00

Event: Esports World Cup 2024

VOD

Have the link to the VOD?

Description

Time

  • Played on: Aug. 14, 2024, 7:01 a.m.
  • Length: 13:51

All games in this series

Show
View Real Time Build Order
Export as new Build Order

Oliveira Terran 

Build Orders: Cyclone Opening 

Get SALT Encoding   

  12  0:00  SCV  
  13  0:12  SCV  
  14  0:17  Supply Depot  
  14  0:24  SCV  
  15  0:38  SCV  
  15  0:39  Barracks  
  16  0:45  Refinery  
  16  0:50  SCV  
  16  0:56  Refinery  
  17  1:03  SCV  
  18  1:15  SCV  
  19  1:27  Orbital Command, Reaper  
  20  1:33  Supply Depot  
  20  1:45  Factory  
  20  1:53  SCV  
  21  1:59  Reaper  
  22  2:05  SCV  
  23  2:18  Command Center  
  23  2:21  SCV  
  24  2:29  Hellion  
  26  2:33  SCV  
  27  2:38  Starport  
  27  2:42  Barracks Reactor  
  27  2:46  SCV  
  27  2:49  Supply Depot  
  28  2:56  Cyclone  
  30  3:00  SCV  
  31  3:12  SCV  
  32  3:14  Medivac  
  32  3:18  Marine  
  32  3:19  Marine  
  36  3:24  SCV  
  37  3:28  Cyclone  
  37  3:32  Orbital Command  
  39  3:36  Marine  
  39  3:37  Marine  
  39  3:39  SCV  
  42  3:44  Liberator  
  45  3:52  Supply Depot  
  45  3:54  Marine  
  45  3:55  Marine  
  47  3:57  SCV  
  47  4:01  Factory Tech Lab  
  47  4:02  SCV  
  49  4:12  Marine x2  
  50  4:19  Supply Depot x2  
  48  4:32  SCV x2  
  48  4:35  Siege Tank  
  53  4:42  Marine  
  53  4:44  SCV  
  51  4:49  SCV  
  51  4:51  Starport Tech Lab  
  51  4:54  Command Center  
  51  4:56  SCV  
  51  5:02  SCV  
  52  5:08  SCV  
  52  5:09  Siege Tank  
  52  5:11  Refinery  
  52  5:13  Barracks  
  55  5:14  SCV  
  55  5:15  Starport Reactor  
  55  5:20  Stimpack  
  56  5:23  SCV  
  56  5:24  Barracks  
  54  5:32  SCV  
  55  5:36  Marine  
  55  5:37  SCV  
  55  5:41  Engineering Bay x2  
  57  5:44  SCV  
  57  5:45  Siege Tank  
  61  5:51  SCV  
  61  5:56  SCV  
  63  5:58  Starport Reactor  
  63  6:06  Barracks  
  63  6:07  Orbital Command  
  63  6:10  SCV x2  
  65  6:12  Barracks  
  65  6:16  Supply Depot  
  65  6:20  Siege Tank, Marine  
  65  6:21  Marine  
  65  6:22  SCV  
  65  6:25  Terran Infantry Weapons Level 1  
  71  6:27  Terran Infantry Armor Level 1  
  71  6:29  SCV  
  72  6:34  SCV  
  72  6:36  Marine x2  
  72  6:39  Supply Depot, Marine x2  
  76  6:47  Marine, Viking x2  
  77  6:52  Refinery  
  77  6:53  Marine  
  80  6:55  Supply Depot  
  80  6:56  Barracks Reactor  
  80  6:58  SCV  
  80  6:59  Orbital Command  
  80  7:00  SCV  
  82  7:04  Barracks Reactor  
  82  7:05  Missile Turret  
  78  7:10  Marine  
  78  7:11  Missile Turret  
  78  7:12  Siege Tank  
  78  7:13  Marine  
  78  7:14  SCV  
  78  7:15  SCV, Marine  
  83  7:17  Marine  
  83  7:19  Combat Shield  
  85  7:24  SCV  
  85  7:26  SCV, Marine  
  85  7:28  Marine  
  89  7:31  Marine  
  89  7:32  SCV  
  89  7:34  Supply Depot  
  89  7:35  Marine  
  89  7:36  SCV  
  93  7:38  Marine  
  93  7:40  Medivac x2  
  93  7:42  Marine  
  93  7:43  SCV  
  100  7:44  SCV  
  100  7:48  Supply Depot  
  100  7:50  Siege Tank  
  104  7:51  SCV  
  104  7:55  Refinery  
  104  7:57  Marine x3, Refinery  
  108  7:59  SCV x2  
  108  8:03  SCV, Armory  
  111  8:06  Marine  
  111  8:10  Supply Depot  
  111  8:11  Supply Depot  
  111  8:12  Marine  
  113  8:14  Marine, Sensor Tower  
  113  8:16  SCV x3  
  117  8:21  Marine  
  117  8:22  Marine  
  117  8:24  Siege Tank  
  117  8:25  Marine  
  123  8:28  SCV  
  123  8:33  Marine  
  121  8:34  Marine x2  
  121  8:39  Marine x2  
  121  8:41  SCV  
  126  8:42  SCV  
  126  8:44  Liberator x2  
  135  8:48  Supply Depot  
  136  8:59  Terran Infantry Armor Level 2, Terran Infantry Weapons Level 2  
  136  9:00  Command Center  
  132  9:05  Terran Vehicle Weapons Level 1  
  132  9:06  Marine  
  133  9:13  Siege Tank  
  136  9:17  Marine x2  
  136  9:21  Marine, Factory, Barracks Reactor  
  136  9:22  Supply Depot  
  136  9:23  SCV x2  
  141  9:27  Supply Depot  
  141  9:29  Marine x2  
  141  9:30  Viking x2  
  147  9:34  Marine  
  147  9:37  SCV  
  149  9:41  Supply Depot  
  149  9:42  Supply Depot  
  149  9:43  SCV, Marine  
  151  9:46  Siege Tank  
  151  9:50  Supply Depot  
  154  9:53  Missile Turret  
  154  9:56  Marine  
  154  9:57  Missile Turret  
  154  10:00  Marine  
  154  10:03  Marine  
  154  10:06  Siege Tank  
  159  10:08  Marine, Viking x2  
  159  10:13  Marine x2  
  166  10:18  SCV x3  
  169  10:21  Marine  
  169  10:22  Marine  
  169  10:23  Marine  
  169  10:26  Marine  
  173  10:31  Marine  
  173  10:32  Siege Tank  
  173  10:33  Marine  
  175  10:37  SCV  
  175  10:40  Planetary Fortress  
  175  10:41  Marine x2  
  178  10:42  Siege Tank  
  178  10:43  Liberator  
  178  10:44  Liberator  
  178  10:47  Marine  
  185  10:50  Marine  
  185  10:52  Marine x2  
  185  10:53  Marine x2, Missile Turret  
  190  11:01  Marine x2  
  190  11:02  Supply Depot  
  148  11:11  Marine  
  148  11:13  Siege Tank, Marine  
  148  11:14  Marine  
  148  11:15  Siege Tank  
  148  11:16  Marine x4  
  144  11:19  Starport  
  144  11:29  Refinery  
  144  11:30  Refinery  
  144  11:38  Marine  
  144  11:39  Marine  
  144  11:43  Viking x2  
  144  11:47  Marine  
  146  11:48  Siege Tank  
  146  11:53  Marine  
  146  11:54  Marine x2  
  153  12:02  Missile Turret, Sensor Tower  
  153  12:03  Marine x2  
  155  12:10  Starport Reactor  
  155  12:11  Command Center  
  155  12:15  Siege Tank, Viking x2  
  162  12:16  Marine  
  162  12:20  Marine  
  164  12:23  Marine  
  164  12:27  Marine  
  163  12:30  SCV  
  163  12:31  SCV  
  163  12:32  Marine  
  163  12:33  Marine x2  
  163  12:34  Siege Tank  
  148  12:37  Marine  
  148  12:39  SCV  
  148  12:43  Marine  
  132  12:45  Marine  
  120  12:54  Marine  
  120  12:55  Marine  
  120  12:56  Siege Tank  
  119  13:02  Liberator x2  
  119  13:04  Marine  
  114  13:06  Orbital Command, Marine x2  
  114  13:11  SCV  
  114  13:12  Marine  
  111  13:13  Marine  
  111  13:14  Siege Tank  
  111  13:15  Marine x2  
  111  13:18  SCV  
  121  13:29  Marine  
Show
View Real Time Build Order
Export as new Build Order

ByuN Terran - Winner!

Build Orders: Cyclone Opening, Gas First Reaper Expand 

Get SALT Encoding   

  12  0:00  SCV  
  13  0:12  SCV  
  14  0:16  Supply Depot  
  14  0:24  SCV  
  14  0:28  Refinery  
  15  0:38  SCV  
  16  0:43  Barracks  
  16  0:50  SCV  
  17  1:02  SCV  
  18  1:14  SCV  
  19  1:30  Orbital Command, Reaper  
  20  1:40  Command Center  
  20  1:51  Factory  
  20  1:56  SCV  
  21  2:01  Supply Depot  
  21  2:04  Marine  
  21  2:08  SCV  
  23  2:12  Refinery  
  23  2:22  Marine  
  23  2:23  SCV  
  25  2:34  Hellion  
  25  2:35  SCV, Starport  
  28  2:40  Barracks Reactor  
  28  2:47  SCV  
  29  2:52  Orbital Command  
  29  2:55  Cyclone  
  31  2:59  SCV  
  32  3:11  Orbital Command, SCV, Medivac  
  35  3:17  Marine x2  
  35  3:18  Supply Depot  
  37  3:23  SCV  
  38  3:28  Factory Tech Lab  
  38  3:35  SCV, Marine x2  
  38  3:37  SCV  
  38  3:41  Liberator  
  42  3:47  Supply Depot  
  45  3:50  Cyclone  
  45  3:51  SCV  
  45  3:52  SCV  
  50  3:58  Supply Depot  
  50  4:00  Marine x2  
  51  4:03  SCV  
  51  4:04  SCV  
  51  4:06  Barracks  
  53  4:16  SCV x2  
  53  4:18  Marine  
  53  4:24  Viking  
  52  4:28  SCV x2  
  53  4:40  SCV x2  
  53  4:41  Marine x2  
  54  4:51  Siege Tank  
  54  4:52  SCV x2  
  59  4:56  Viking  
  58  5:04  SCV  
  58  5:05  SCV  
  61  5:07  Supply Depot  
  61  5:09  Barracks Tech Lab  
  61  5:10  Marine x2  
  60  5:16  SCV  
  60  5:17  SCV  
  62  5:21  Refinery  
  62  5:23  Siege Tank  
  62  5:27  Marine  
  62  5:28  SCV, Marine x2  
  68  5:29  SCV  
  68  5:33  Starport Reactor  
  68  5:35  Supply Depot  
  67  5:40  SCV  
  67  5:41  SCV  
  69  5:45  Marine  
  70  5:52  SCV, Marine x2  
  70  5:53  SCV, Stimpack  
  70  5:56  Command Center  
  74  6:02  Supply Depot  
  74  6:04  SCV  
  74  6:06  SCV, Refinery  
  74  6:09  Medivac x2  
  80  6:13  Marine x3  
  80  6:17  SCV  
  80  6:18  SCV  
  85  6:25  Supply Depot  
  85  6:29  SCV  
  85  6:30  Engineering Bay  
  85  6:31  Marine x2  
  88  6:33  Marine, Engineering Bay  
  88  6:35  Siege Tank  
  90  6:46  SCV  
  91  6:47  SCV  
  91  6:49  Marine  
  91  6:50  Marine  
  91  6:51  Marine  
  91  6:57  Medivac x2  
  91  6:58  SCV  
  91  6:59  SCV  
  97  7:07  Siege Tank  
  98  7:10  SCV  
  98  7:11  SCV  
  98  7:13  Orbital Command, Marine x3  
  103  7:16  Terran Infantry Weapons Level 1  
  103  7:18  Barracks  
  103  7:21  Terran Infantry Armor Level 1  
  104  7:25  Barracks  
  104  7:29  SCV x2  
  105  7:31  Marine x3  
  108  7:38  Armory  
  108  7:41  Siege Tank  
  108  7:42  Orbital Command  
  108  7:44  Starport Reactor  
  111  7:45  SCV  
  111  7:46  SCV  
  113  7:53  Marine x3  
  113  7:58  SCV  
  117  8:04  SCV  
  117  8:05  Supply Depot x2  
  118  8:07  SCV  
  118  8:10  Marine  
  118  8:11  Marine x2  
  118  8:12  Barracks  
  122  8:13  SCV  
  122  8:15  Barracks Reactor  
  122  8:16  SCV  
  122  8:19  SCV  
  125  8:26  Siege Tank, Marine x2  
  130  8:27  SCV  
  130  8:28  Marine  
  130  8:32  Marine x2  
  116  8:38  SCV x2  
  117  8:43  SCV  
  117  8:44  Marine x2, Barracks x2  
  117  8:46  Marine  
  121  8:50  SCV, Marine x2  
  121  8:52  Command Center  
  121  8:54  Marine  
  121  8:55  Marine  
  126  8:59  Medivac x2  
  126  9:00  Combat Shield, Barracks Reactor  
  126  9:02  Marine x2  
  132  9:03  Supply Depot  
  132  9:04  Supply Depot, Marine  
  132  9:05  SCV x3  
  132  9:08  Marine x2  
  138  9:12  Marine x2  
  140  9:18  Terran Infantry Armor Level 2, Terran Infantry Weapons Level 2  
  140  9:19  Marine  
  141  9:25  Marine x2  
  141  9:26  Marine x2  
  141  9:30  Marine x2  
  147  9:33  SCV x3  
  147  9:34  Supply Depot  
  147  9:35  Barracks, Barracks Reactor  
  147  9:36  Supply Depot, Barracks Reactor  
  147  9:37  Marine  
  151  9:42  Factory, Sensor Tower  
  151  9:43  Marine x3  
  151  9:44  Marine  
  151  9:45  SCV x3  
  158  9:48  Marine, Terran Vehicle Weapons Level 1  
  159  9:55  Sensor Tower  
  159  9:57  Marine x4  
  163  10:00  Marine x2  
  163  10:01  Marine x2  
  163  10:03  SCV x3  
  163  10:06  Marine  
  171  10:08  Planetary Fortress  
  171  10:09  Missile Turret  
  171  10:14  Siege Tank  
  171  10:20  Marine x2  
  172  10:22  Marine  
  172  10:23  Marine x2  
  172  10:24  SCV  
  172  10:25  SCV  
  171  10:30  Marine  
  171  10:31  Marine x3  
  171  10:35  Viking x2  
  173  10:37  SCV  
  173  10:40  SCV x2  
  177  10:45  Marine  
  177  10:46  Marine x4  
  177  10:48  Barracks Reactor  
  182  10:53  SCV x3  
  185  11:00  Siege Tank  
  188  11:05  SCV  
  162  11:15  Marine  
  162  11:16  Marine x7  
  162  11:17  Marine  
  162  11:18  Marine x2  
  163  11:19  Medivac x2  
  163  11:24  Barracks Reactor  
  167  11:25  Siege Tank  
  167  11:26  Refinery x2  
  167  11:27  Marine  
  167  11:28  Marine x2  
  173  11:33  Marine x2  
  173  11:34  Marine x3  
  178  11:40  Command Center  
  173  11:48  Marine x8  
  181  11:54  Siege Tank  
  181  12:01  Missile Turret  
  184  12:03  Command Center  
  184  12:08  Command Center  
  184  12:09  Medivac x2  
  188  12:20  Marine x2  
  188  12:21  Marine x6  
  196  12:29  Marine x2  
  189  12:30  Marine  
  189  12:32  Marine  
  189  12:33  Marine x4  
  167  12:38  Siege Tank, Marine x6  
  167  12:39  Marine x2  
  159  12:47  Marine x3  
  159  12:49  Marine  
  159  12:50  Marine  
  159  12:51  Marine x3  
  158  12:56  Marine x6  
  158  12:57  Marine  
  158  12:58  Marine  
  159  13:01  SCV  
  159  13:03  SCV  
  159  13:04  SCV, Marine  
  144  13:11  Planetary Fortress  
  139  13:15  SCV x3  
  139  13:16  SCV  
  143  13:22  Marine  
  143  13:23  Marine  
  144  13:27  SCV x2  
  144  13:28  Marine  
  144  13:29  Marine  
  144  13:31  Marine x2  
Tags
 
Add a new tag
Caveats
  • Supply blocks, unpowered buildings, or Contaminate may cause inaccurate times.
  • Supply counts are checked every 10 seconds.